[Event "*** SCC Grand Prix: Titled Tuesday Blitz"]
[Site "Chess.com"]
[Date "2020.08.25"]
[Round "7"]
[White "MikeSailer"]
[Black "sertalzin"]
[Result "1-0"]
[WhiteElo "2169"]
[BlackElo "1865"]
[TimeControl "180+1"]
[EndTime "11:20:48 PDT"]
[Termination "MikeSailer won on time"]

1. d4 d5 2. Nf3 Nf6 3. Bf4 g6 4. e3 Bg7 5. Be2 O-O 6. h3 c5 7. O-O Nc6 8. c3 Nd7 9. Bh2 e5 10. dxe5 Ndxe5 11. Nxe5 Nxe5 12. Nd2 Be6 13. Nf3 Nxf3+ 14.
Bxf3 Qd7 15. Qe2 Rad8 16. Rfd1 Qe7 17. Rd2 Rd7 18. Rad1 Rfd8 19. Qb5 b6 20. Qc6 d4 21. exd4 cxd4 22. cxd4 Rxd4 23. Rxd4 Bxd4 24. b3 Bf6 25. Rxd8+ Qxd8 26. Bd6 Qd7 27. Qa8+ Qd8 28. Qc6 Qd7 29.
Kf1 Qxc6 30. Bxc6 Kg7 31. f4 Bd4 32. g4 f5 33. g5 a5 34. Ke2 Kf7 35. Kd3 Bf2 36.
Be5 Bg1 37. Bf3 Bc5 38. h4 Bf2 39. h5 Bc5 40. h6 Bf2 41. Bc6 Bc5 42. Bb5 Bf2 43.
Bc4 Bc5 44. Bxe6+ Kxe6 45. Kc4 Be3 46. Kb5 Kd7 47. a4 Kc8 48. Kc6 1-0

[Event "*** SCC Grand Prix: Titled Tuesday Blitz"]
[Site "Chess.com"]
[Date "2020.08.25"]
[Round "7"]
[White "Falcon28dz"]
[Black "Guenplen"]
[Result "0-1"]
[WhiteElo "2146"]
[BlackElo "2884"]
[TimeControl "180+1"]
[EndTime "11:20:49 PDT"]
[Termination "Guenplen won on time"]

1. e4 c5 2. Nf3 e6 3. Nc3 Nc6 4. d4 cxd4 5. Nxd4 Nf6 6. a3 d5 7. Bb5 Bd7 8. exd5 exd5 9. O-O Be7 10. Re1 O-O 11. Bg5 a6 12. Ba4 h6 13. Bh4 Re8 14.
Bb3 Qb6 15. Nf3 Be6 16. Bxf6 Bxf6 17. Nxd5 Bxd5 18. Qxd5 Rf8 19. Rab1 Rad8 20. Qf5 Qa5 21. Qxa5 Nxa5 22. Ba2 Nc6 23. c3 Rd7 24. Rbd1 Rfd8 25. Re8+ Rxe8 26. Rxd7 Re7 27. Rxe7 Nxe7 28. Kf1 Kf8 29. Ke2 Nc8 30. Bd5 Nd6 31. Kd3 Ke7 32. g4 b6 33. a4 a5 34. h4 g6 35. b4 Ne8 36. bxa5 bxa5 37. c4 Nc7 38. h5 gxh5 39. gxh5 Na6 40. Bc6 Nc5+ 41. Ke3 Kd6 42. Bb5 Bb2 43.
Nd2 Bc1 44. Ke2 Bxd2 45. Kxd2 Ke5 46. Ke3 Ne6 47. Bc6 Nc5 48. Bb5 f6 49. f4+ Kd6 50. Kd4 f5 51. Be8 Ne6+ 52. Kc3 Nxf4 0-1

[Event "*** SCC Grand Prix: Titled Tuesday Blitz"]
[Site "Chess.com"]
[Date "2020.08.25"]
[Round "7"]
[White "chessfrendz"]
[Black "Sesleria"]
[Result "1/2-1/2"]
[WhiteElo "2224"]
[BlackElo "2067"]
[TimeControl "180+1"]
[EndTime "11:20:52 PDT"]
[Termination "Game drawn by stalemate"]

1. e4 c5 2. Nf3 Nc6 3. Bc4 e6 4.
O-O Nf6 5. Re1 a6 6. a4 Qc7 7. e5 Ng4 8. Qe2 f6 9. exf6 Nd4 10. f7+ Kd8 11. Qe4 Nxf3+ 12. Qxf3 Qxh2+ 13. Kf1 Ne5 14. Qb3 Qh1+ 15. Ke2 Qxg2 16. Qb6+ Ke7 17. Qxc5+ d6 18.
Qc7+ Bd7 19. d3 Rc8 20. Qb6 Bc6 21. Be3 Bf3+ 22. Kd2 Rxc4 23. Nc3 Nd7 24. Qa7 Rc8 25. Rg1 Qh2 26. Qd4 Ne5 27. Qf4 Qxf4 28. Bxf4 g6 29. Bg5+ Kxf7 30. Rae1 Bg7 31. Ne4 Bxe4 32. Rxe4 Nf3+ 33.
Kd1 Nxg1 34. Rf4+ Ke8 35. Rb4 Rc7 36. a5 Kd7 37. Be3 Nf3 38. Bb6 Rc6 39. Rg4 Kc8 40.
Rf4 Rf8 41. Rg4 Ne5 42. Rg3 Nd7 43. Be3 Be5 44. b3 Bxg3 45. fxg3 Nc5 46. Ke2 e5 47. Bh6 Rf7 48. Bg5 Ne6 49. Be3 Nd4+ 50. Kd1 Nxc2 51. Kd2 Nxe3 52. Kxe3 Rc3 53. Ke4 Rxb3 54. Kd5 Rxd3+ 55.
Ke6 Rff3 56. Ke7 e4 57. Ke6 d5 58. Kd6 d4 59. Kc5 Ra3 60. g4 d3 61. g5 d2 62.
Kb6 Kb8 63. Kc5 d1=Q 64. Kc4 Qb3+ 65. Kc5 Rd3 1/2-1/2

[Event "*** SCC Grand Prix: Titled Tuesday Blitz"]
[Site "Chess.com"]
[Date "2020.08.25"]
[Round "7"]
[White "cassoulet"]
[Black "Beca95"]
[Result "0-1"]
[WhiteElo "2715"]
[BlackElo "2875"]
[TimeControl "180+1"]
[EndTime "11:20:53 PDT"]
[Termination "Beca95 won by resignation"]

1. e4 e6 2. d4 d5 3. Nc3 Bb4 4. e5 c5 5. a3 Bxc3+ 6. bxc3 Ne7 7. h4 Qa5 8. Bd2 Bd7 9. h5 h6 10. Qg4 Rg8 11. Bd3 Nf5 12. Nf3 c4 13. Be2 Ba4 14.
Bd1 Nc6 15. Qf4 Qb6 16. Bc1 Nfe7 17. Rh3 Kd7 18. Nd2 Raf8 19. Rb1 Qc7 20. Nf1 Kc8 21. Rg3 b6 22. Be3 Kb7 23. Kd2 a5 24. Bg4 Qd7 25. Rf3 f5 26. exf6 gxf6 27. Bh3 Rg5 28. Qh4 Nf5 29. Bxf5 exf5 30. Bxg5 fxg5 31. Qh2 f4 32. g3 Qf5 33. Rc1 Qe4 34. Qh1 g4 35. Rxf4 Rxf4 36. Qxe4 Rxe4 37. Ne3 Ne7 38. Rf1 Be8 39. f3 gxf3 40. Rxf3 Bxh5 41. Rf6 Bg6 42. Ng2 Be8 43. Nf4 h5 44. Rf8 Bd7 45. Rf7 Kc6 46. Rh7 Bg4 47. Rh6+ Kb5 48. a4+ Ka6 49. Rh7 Bf3 50.
Rh6 Nf5 51. Rf6 Nxg3 52. Nxd5 Re2+ 53. Kc1 Bxd5 54. Kb2 h4 55. Ka3 h3 56. Rh6 h2 57.
Rh7 h1=Q 58. Rxh1 Bxh1 59. Kb2 Nf5 60. Ka3 Ne3 61. Kb2 Rxc2+ 62. Ka3 Rxc3+ 63. Kb2 Rb3+ 0-1

[Event "*** SCC Grand Prix: Titled Tuesday Blitz"]
[Site "Chess.com"]
[Date "2020.08.25"]
[Round "7"]
[White "Natalya_Buksa"]
[Black "GregShahade"]
[Result "1-0"]
[WhiteElo "2514"]
[BlackElo "2661"]
[TimeControl "180+1"]
[EndTime "11:20:53 PDT"]
[Termination "Natalya_Buksa won by checkmate"]

1. d4 Nf6 2. Nc3 d5 3. Bf4 g6 4.
e3 Bg7 5. Nf3 O-O 6. h4 h5 7. Be2 c6 8. Ne5 Nbd7 9. Qd2 Nxe5 10. Bxe5 Nd7 11. Bxg7 Kxg7 12. O-O-O e5 13. g4 hxg4 14.
Bxg4 exd4 15. exd4 Nf6 16. Bxc8 Qxc8 17. h5 Qf5 18. hxg6 fxg6 19. Ne2 Rh8 20. Ng3 Qg4 21. Rde1 Rxh1 22. Rxh1 Rh8 23. Re1 Re8 24. Rxe8 Nxe8 25. Qe3 Kf7 26. b3 Qe6 27. Qd2 Nf6 28. Qf4 Kg7 29.
Kb2 a6 30. a4 Qf7 31. Qe5 Kg8 32. a5 Ng4 33. Qb8+ Kg7 34. f4 Nh6 35. Qe5+ Kh7 36. Kc3 Qd7 37. Kb4 Nf7 38. Qf6 Nd6 39. c4 dxc4 40.
bxc4 Nf5 41. Nxf5 gxf5 42. Qe5 Kg6 43. Kc5 Kh5 44. Qd6 Qc8 45. Qe7 Kg4 46. Qg5+ Kf3 47. Qh6 Ke4 48. Qd6 Kd3 49. Qe5 Qd7 50. d5 Kc2 51. d6 Kb3 52. Qe7 Qc8 53. d7 Qc7 54.
d8=Q Qxa5+ 55. Qxa5 b6+ 56. Qxb6+ Ka4 57. Qxc6+ Kb3 58.
Qeb7+ Kc3 59. Qf3+ Kc2 60. Qbb3+ Kc1 61. Qfd1# 1-0

[Event "*** SCC Grand Prix: Titled Tuesday Blitz"]
[Site "Chess.com"]
[Date "2020.08.25"]
[Round "7"]
[White "Vsevolod_Ovchinnikov"]
[Black "Aygehovit1992"]
[Result "1-0"]
[WhiteElo "2441"]
[BlackElo "2593"]
[TimeControl "180+1"]
[EndTime "11:20:57 PDT"]
[Termination "Vsevolod_Ovchinnikov won on time"]

1. d4 Nf6 2. c4 g6 3. Nc3 d5 4. Nf3 Bg7 5. h4 c6 6. Bg5 O-O 7. e3 dxc4 8. Bxc4 b5 9. Bb3 Bg4 10. a4 b4 11. Ne2 Ne4 12. Bf4 Nd7 13. Qc2 Bf5 14. g4 Nxf2 15. gxf5 Nxh1 16. fxg6 hxg6 17.
Qxg6 e6 18. Qg2 Qf6 19. Qxh1 c5 20. Kf2 cxd4 21. exd4 Qf5 22. Rg1 Kh8 23. Qg2 Rg8 24.
Qg5 Nf6 25. Qxf5 exf5 26. Bxf7 Rgf8 27. Bg6 Ne4+ 28. Kg2 Rac8 29. Rc1 Rxc1 30. Nxc1 b3 31. Nxb3 Rf6 32. h5 Rb6 33. Bf7 Bh6 34. Be5+ Kh7 35. a5 Rb4 36. Bg6+ Kg8 37. Bxf5 Rxb3 38. Be6+ Kf8 39.
Bxb3 Ke7 40. Bd5 Nd6 41. Nh4 Bc1 42. Ng6+ Kd7 43. b3 Nf5 44. Be4 Ne3+ 45. Kf3 Nd1 46. a6 Nb2 47. Bb7 Nd3 48. Bf4 Ne1+ 49. Kg4 Bb2 50. Be5 Bc1 51. Nf4 Nc2 52. h6 Ne3+ 53.
Kg5 1-0

[Event "*** SCC Grand Prix: Titled Tuesday Blitz"]
[Site "Chess.com"]
[Date "2020.08.25"]
[Round "7"]
[White "Kassimov_B"]
[Black "Witik"]
[Result "0-1"]
[WhiteElo "2435"]
[BlackElo "2661"]
[TimeControl "180+1"]
[EndTime "11:20:58 PDT"]
[Termination "Witik won by checkmate"]

1. d4 d5 2. Nf3 e6 3. Bf4 Bd6 4.
Bxd6 cxd6 5. Nbd2 f5 6. e3 Nf6 7.
c4 O-O 8. Bd3 Nc6 9. a3 Kh8 10.
O-O Ne4 11. b4 Qf6 12. Qb3 Bd7 13. cxd5 exd5 14. Qxd5 Nxd2 15. Nxd2 Rad8 16. Rac1 a6 17. Qf3 f4 18. Ne4 Qh6 19. h3 Be8 20. g4 Bg6 21. Bb1 Qh4 22. Nd2 fxe3 23. Qxe3 Rde8 24. Qg3 Qxg3+ 25.
fxg3 Rxf1+ 26. Rxf1 Bxb1 27. Nxb1 Nxd4 28. Rd1 Nc6 29. Kf2 Re6 30. Nc3 h6 31. Nd5 Ne5 32. Rd4 b5 33. h4 Nc4 34. Rd3 Re5 35. Nf4 Re4 36. h5 Kh7 37. Rd5 Re8 38. Rf5 Kg8 39. Ng6 Nxa3 40. Rd5 Nc2 41. Rxd6 Nxb4 42. Rb6 Nd5 43.
Rxa6 Ne3 44. Kf3 b4 45. Rb6 Nc2 46. Rb7 b3 47. Kf4 Nd4 48. g5 Ne6+ 49. Kg4 Nxg5 50.
Rxb3 Re4+ 51. Kf5 Re8 52. Rb7 Ne4 53. Ne7+ Kf7 54. Nd5+ Kf8 55. Nf4 Nd6+ 56. Kg6 Nxb7 57. Kh7 Kf7 58. Ng6 Nd6 59. g4 Ne4 60. g5 Nxg5# 0-1

[Event "*** SCC Grand Prix: Titled Tuesday Blitz"]
[Site "Chess.com"]
[Date "2020.08.25"]
[Round "7"]
[White "BlackBoarder"]
[Black "margarita_2703"]
[Result "0-1"]
[WhiteElo "2530"]
[BlackElo "2408"]
[TimeControl "180+1"]
[EndTime "11:21:02 PDT"]
[Termination "margarita_2703 won by checkmate"]

1. e4 Nf6 2. Nc3 e5 3. Nf3 Nc6 4. Bb5 g6 5. Bxc6 dxc6 6. Nxe5 Bg7 7. O-O Nxe4 8. Nxf7 Nxc3 9. Qf3 O-O 10. Nxd8 Rxf3 11. dxc3 Rf8 12. Bg5 h6 13. Be7 Re8 14. Rfe1 Bf5 15.
Nxb7 Rab8 16. Na5 Rxb2 17. Nxc6 Bxc3 18. Re3 Rxc2 19. Rd1 Bg7 20. Nxa7 Bd4 21. Ree1 Bxa7 22. Bh4 Rxe1+ 23. Rxe1 Rxa2 24. h3 c5 25. Re7 c4 26.
Rc7 Ra3 27. Bf6 Bd3 28. g4 Ra2 29. Kg2 Rxf2+ 30. Kg3 Rxf6 31. Rxa7 c3 32. Rc7 c2 33. g5 Rf1 34. gxh6 c1=Q 35. h7+ Kh8 36. Rxc1 Rxc1 37. Kf4 Kxh7 38. Kg5 Bf5 39. Kh4 Bxh3 40. Kg5 Rc6 41.
Kh4 Rc5 42. Kg3 Kh6 43. Kh4 g5+ 44. Kg3 Kh5 45. Kf3 Rc4 46. Kg3 Bc8 47. Kf3 Bb7+ 48. Ke3 Ra4 49. Kd3 g4 50. Kc3 g3 51. Kb3 g2 52.
Kxa4 g1=Q 53. Kb5 Qc1 54. Kb6 Bh1 55. Ka5 Kg6 56. Kb5 Kf6 57. Kb6 Ke6 58. Ka5 Kd5 59.
Kb4 Qc4+ 60. Ka3 Qb5 61. Ka2 Kc4 62. Ka1 Kc3 63. Ka2 Qb2# 0-1

[Event "*** SCC Grand Prix: Titled Tuesday Blitz"]
[Site "Chess.com"]
[Date "2020.08.25"]
[Round "7"]
[White "swimmerchess"]
[Black "LiemLe"]
[Result "0-1"]
[WhiteElo "2831"]
[BlackElo "2947"]
[TimeControl "180+1"]
[EndTime "11:21:05 PDT"]
[Termination "LiemLe won on time"]

1. e4 c6 2. d4 d5 3. e5 Bf5 4. c4 e6 5. Nc3 Ne7 6. Nge2 Nd7 7.
Nf4 dxc4 8. Bxc4 Nb6 9. Bb3 Ned5 10. Ncxd5 Nxd5 11. Nxd5 exd5 12. O-O Be7 13. Be3 Qd7 14.
Bc2 O-O 15. h3 Rac8 16. Bxf5 Qxf5 17. g4 Qe6 18. f4 f5 19. Kh2 c5 20. Rg1 cxd4 21.
Bxd4 fxg4 22. Rxg4 g6 23. Qe2 Rc4 24. Qe3 Qf5 25.
Rag1 Qe4 26. Qxe4 dxe4 27. Bxa7 Ra4 28. Be3 Rxa2 29. R1g2 Kf7 30. h4 Ra1 31. h5 Re1 32.
Bd4 Rd1 33. Bc3 Ke8 34. hxg6 hxg6 35. Rxg6 Rxf4 36. e6 Bd6 37. R2g3 Rf3 38. Rg8+ Ke7 39. Rg7+ Kxe6 40. Rg6+ Kd7 41. Rxd6+ Rxd6 42. Rg7+ Kc6 43. Re7 Kd5 44. Re5+ Kc6 45. Rxe4 Rg6 46. Rc4+ Kd5 47. Rd4+ Kc5 48. Rh4 Rf7 49. Rh5+ Kc4 50. Rh4+ Kb3 51. Rb4+ Kc2 52. Rh4 b5 53. Bd4 Rf5 54. Bc3 Rgg5 55. Re4 Rh5+ 56. Kg3 Rhg5+ 57. Kh4 Rg8 58. Re2+ Kb3 59.
Re3 Rf1 60. Rh3 Ka2 61. Be5 Rf7 62. Ra3+ Kb1 0-1

[Event "*** SCC Grand Prix: Titled Tuesday Blitz"]
[Site "Chess.com"]
[Date "2020.08.25"]
[Round "7"]
[White "Xeniya2005"]
[Black "Mr_Sinigami"]
[Result "1-0"]
[WhiteElo "2379"]
[BlackElo "2532"]
[TimeControl "180+1"]
[EndTime "11:21:09 PDT"]
[Termination "Xeniya2005 won by resignation"]

1. e4 d5 2. exd5 Nf6 3. Nf3 Nxd5 4. d4 g6 5. Be2 Bg7 6. O-O O-O 7. c4 Nb6 8. Nc3 Bg4 9. Be3 Nc6 10. d5 Bxf3 11. Bxf3 Ne5 12. c5 Nbc4 13. Rb1 Nxe3 14. fxe3 Qc8 15.
Qe2 c6 16. Rbc1 Re8 17. Kh1 cxd5 18. Nxd5 e6 19. Nc3 Rd8 20. Ne4 Qc7 21. b4 Rab8 22.
a3 b6 23. Rc2 a5 24. b5 bxc5 25. Nxc5 Qb6 26. a4 f5 27. Rfc1 Rd6 28. Nb3 Rbd8 29. Nd4 Nxf3 30. Nxf3 Bf6 31. h3 Qb7 32. Rc6 Qd7 33. Rxd6 Qxd6 34. Rc6 Qd5 35. Qc2 Be7 36.
Kh2 Bd6+ 37. Kg1 Bg3 38. Nd4 Qe5 39. Qb3 Qe4 40. Qxe6+ Qxe6 41. Rxe6 Rd5 42. Kf1 Rc5 43. Rc6 Re5 44. Ke2 f4 45. Nc2 fxe3 46. b6 Bf4 47. b7 Re8 48. Rc8 Kf7 49. Nd4 Ke7 50. Nc6+ Kd7 51.
Rxe8 Kxe8 52. b8=Q+ Bxb8 53. Nxb8 Ke7 54. Nc6+ Kd6 55.
Nxa5 Kc5 56. Nb3+ Kb4 57. a5 Kb5 58. Kxe3 g5 59. Kf3 h6 60. Kg4 1-0

[Event "*** SCC Grand Prix: Titled Tuesday Blitz"]
[Site "Chess.com"]
[Date "2020.08.25"]
[Round "7"]
[White "winniethepooh04"]
[Black "anon569"]
[Result "1-0"]
[WhiteElo "2184"]
[BlackElo "2293"]
[TimeControl "180+1"]
[EndTime "11:21:10 PDT"]
[Termination "winniethepooh04 won on time"]

1. e4 c5 2. Nf3 d6 3. d4 cxd4 4.
Nxd4 Nf6 5. Nc3 a6 6. a4 e6 7. Be2 Be7 8. Be3 Qc7 9. O-O O-O 10. f4 Nbd7 11. f5 e5 12. Nb3 b6 13.
g4 Bb7 14. Bf3 h6 15. Qe1 Qc4 16. Nd2 Qb4 17. Rb1 Nc5 18. g5 hxg5 19. Bxg5 Rfe8 20. Rf2 Nh7 21. Bxe7 Rxe7 22. Rg2 Qd4+ 23. Kh1 f6 24. Rd1 Qb4 25. Rb1 Ng5 26. Rxg5 fxg5 27. Qg3 Qd4 28. Qxg5 Rf7 29. Bh5 Rc7 30. Nf3 Qf2 31. Nd5 Bxd5 32. exd5 Ne4 33. Qg2 Qxg2+ 34. Kxg2 Rxc2+ 35. Kh3 Rac8 36.
Bg6 Rc1 37. Rxc1 Rxc1 38. f6 Nxf6 39. Ng5 Kf8 40. Ne6+ Ke7 41. Nxg7 Nxd5 42. Nf5+ Kd7 43.
Ng3 Nf4+ 44. Kg4 Nxg6 45. Kf5 Nf4 46. h4 Rh1 47. Nxh1 b5 48. Nf2 bxa4 49. Ne4 Ke7 50. Nc3 Kf7 51. Nxa4 Ng2 52. h5 Ne3+ 53. Kg5 Nc4 54.
h6 e4 55. Nc3 e3 56. Ne2 d5 57. Kf4 a5 58. b3 Nd2 59. Kxe3 Nxb3 60. Kd3 a4 61.
Nf4 1-0

[Event "*** SCC Grand Prix: Titled Tuesday Blitz"]
[Site "Chess.com"]
[Date "2020.08.25"]
[Round "7"]
[White "salomez"]
[Black "Lenyas66"]
[Result "1/2-1/2"]
[WhiteElo "2240"]
[BlackElo "2455"]
[TimeControl "180+1"]
[EndTime "11:21:11 PDT"]
[Termination "Game drawn - insufficient material"]

1. e4 c5 2. Nf3 Nc6 3. Bb5 g6 4. O-O Bg7 5. Re1 Nf6 6. e5 Nd5 7. Nc3 Nc7 8. Bxc6 dxc6 9. Ne4 b6 10. Nf6+ Kf8 11. Ne4 h6 12. d3 Be6 13. b3 Kg8 14.
Bb2 Kh7 15. d4 c4 16. Qe2 cxb3 17. axb3 Re8 18. c4 Kg8 19. Rad1 Qc8 20. h3 Rd8 21. Ng3 b5 22. Ne4 bxc4 23. bxc4 Rb8 24. Nc5 Bxc4 25. Qxc4 Rxb2 26. e6 f5 27. Nd7 Nd5 28. Nfe5 Kh7 29.
Nf7 Rxd7 30. exd7 Qxd7 31. Ne5 Bxe5 32. dxe5 Qe6 33. Rb1 Rb6 34. Ra1 Rb7 35. Ra6 Rc7 36.
f4 Kg7 37. Rc1 Kf7 38. g3 g5 39. Rxc6 Rxc6 40. Qxc6 Qxc6 41. Rxc6 gxf4 42. gxf4 Nxf4 43.
Rxh6 Ng6 44. e6+ Kg7 45. Rh5 Kf6 46. Rh6 a5 47. h4 Kg7 48. Rh5 Kf6 49. Rg5 Nxh4 50.
Rg2 Kxe6 51. Ra2 Kf6 52. Rxa5 e5 53. Kf2 Ng6 54. Ra6+ Kg5 55. Re6 e4 56. Ke3 Nf4 57.
Re8 Nd5+ 58. Kd4 Nf6 59. Rf8 Ng4 60. Rg8+ Kf4 61. Rf8 e3 62. Kd3 Ne5+ 63. Ke2 Nf3 64. Rxf5+ Kxf5 65. Kxe3 1/2-1/2

[Event "*** SCC Grand Prix: Titled Tuesday Blitz"]
[Site "Chess.com"]
[Date "2020.08.25"]
[Round "7"]
[White "BikingBrian"]
[Black "Kopytkin"]
[Result "0-1"]
[WhiteElo "2256"]
[BlackElo "2421"]
[TimeControl "180+1"]
[EndTime "11:21:15 PDT"]
[Termination "Kopytkin won by resignation"]

1. d4 Nf6 2. Bg5 Ne4 3. Bf4 c5 4. f3 Nf6 5. dxc5 Nc6 6. e4 Qa5+ 7. Nc3 Qxc5 8. Qd2 d6 9. Be3 Qa5 10. Bc4 g6 11. O-O-O Bg7 12. Bh6 O-O 13. h4 Ne5 14. Bb3 Be6 15. Kb1 Rfc8 16. Nd5 Bxd5 17. Qxa5 Bxb3 18. axb3 Bxh6 19. h5 Bg7 20. hxg6 hxg6 21. Ne2 Rc5 22. Qd2 Rac8 23. Nc3 b5 24. Rc1 a5 25.
Qf2 a4 26. bxa4 bxa4 27. Nxa4 Ra5 28. b3 Rb8 29. Ka2 Nfd7 30. Qd2 Nc4 31. Qxa5 Nxa5 32. Rb1 Ne5 33. b4 Nac4 34. b5 Ra8 35. Rb4 Nb6 36. Kb3 Ned7 37. Nxb6 Nxb6 38. c4 Nd7 39. b6 Nc5+ 40.
Kc2 Ra2+ 41. Kd1 Bc3 42. b7 Rd2+ 43. Kc1 Nxb7 44. Rxb7 Rxg2 45. Rd1 Bf6 46. f4 Ra2 47. e5 dxe5 48. fxe5 Bxe5 49. Rxe7 Bf4+ 50. Kb1 Ra4 51. Rd8+ Kg7 52. Re4 Bg5 53. Kc2 Bxd8 54. Kb3 Ra6 55. c5 f5 56. Rd4 Bf6 57. Rd7+ Kf8 58. Kc4 g5 59. Kd5 g4 60. c6 g3 61. Rb7 g2 62. c7 Ra5+ 63. Ke6 Rc5 64. Rb8+ Kg7 65. c8=Q Rxc8 66. Rxc8 g1=Q 67. Rc7+ Kg6 68. Rc4 Qe3+ 69. Kd5 Qe5+ 70. Kc6 Qe6+ 71. Kb5 Qxc4+ 72. Kxc4 Kg5 73. Kd3 Kg4 74. Ke2 Kg3 75. Kf1 Bd4 76. Ke2 Kg2 77. Ke1 f4 78. Ke2 f3+ 79. Kd3 f2 80. Kxd4 f1=Q 0-1

[Event "*** SCC Grand Prix: Titled Tuesday Blitz"]
[Site "Chess.com"]
[Date "2020.08.25"]
[Round "7"]
[White "Larina_Marija"]
[Black "HrvojeZagreb"]
[Result "0-1"]
[WhiteElo "2073"]
[BlackElo "2164"]
[TimeControl "180+1"]
[EndTime "11:21:15 PDT"]
[Termination "HrvojeZagreb won on time"]

1. e4 d6 2. d4 Nf6 3. Nc3 Nbd7 4. g3 e5 5. Nge2 Be7 6. Bg2 c6 7. a4 a5 8. O-O h5 9. h3 h4 10. g4 Nh7 11. f4 Qb6 12. Kh1 g5 13. f5 f6 14. d5 c5 15. Nb5 O-O 16. Be3 Qd8 17.
c3 b6 18. Qd2 Ba6 19. Na3 c4 20. Nc1 Rc8 21. Re1 Nc5 22. Nc2 Qd7 23. Bxc5 Rxc5 24. Bf1 Rb8 25. Ne3 Bd8 26. b4 axb4 27. cxb4 c3 28.
Qc2 Bxf1 29. Rxf1 Rcc8 30. b5 Rc7 31. Na2 Rbc8 32. Nb4 Rc5 33. Nc6 Nf8 34. Rfc1 Qb7 35. Ra3 Ra8 36. Nd1 Nd7 37. Nxc3 Rc4 38. Qb2 Nc5 39. Re1 Bc7 40. Raa1 Nxa4 41. Nxa4 Rcxa4 42. Rxa4 Rxa4 43. Ne7+ Kf7 44. Nc6 Qa8 45. Rc1 Rxe4 46. Ra1 Ra4 47. Rc1 Ra2 48. Nxe5+ Ke8 49. Qc3 Qxd5+ 50.
Nf3 Bd8 51. Qc6+ Qxc6 52. Rxc6 d5 53. Nd4 Be7 54. Ne6 Bc5 55. Nxc5 bxc5 56. Rxc5 Rd2 57. b6 Rb2 58. Rc6 Ke7 59. Rc7+ Kd6 60. Rf7 Ke5 61.
b7 Kf4 62. Rd7 Kg3 63. b8=Q+ Rxb8 64. Rb7 Rxb7 0-1

[Event "*** SCC Grand Prix: Titled Tuesday Blitz"]
[Site "Chess.com"]
[Date "2020.08.25"]
[Round "7"]
[White "Chess_Boxer123"]
[Black "okriak"]
[Result "1-0"]
[WhiteElo "2553"]
[BlackElo "2700"]
[TimeControl "180+1"]
[EndTime "11:21:17 PDT"]
[Termination "Chess_Boxer123 won by resignation"]

1. Nf3 d6 2. e4 Nf6 3. Nc3 c5 4. g3 Nc6 5. Bg2 g6 6. O-O Bg7 7. Re1 O-O 8. h3 Nd7 9. d3 Rb8 10. Be3 Nd4 11. Kh2 Nxf3+ 12. Bxf3 Ne5 13. Bg2 Nc6 14. Qd2 b5 15. Bh6 b4 16. Bxg7 Kxg7 17.
Nd5 e6 18. Ne3 e5 19. c3 a5 20. Nd5 Be6 21. f4 f6 22. Ne3 a4 23. f5 Bf7 24.
c4 a3 25. b3 Rh8 26. g4 h5 27. Kg3 Rh7 28. fxg6 Bxg6 29. Re2 Nd4 30. Rf2 hxg4 31. Nf5+ Bxf5 32. exf5 gxh3 33. Bd5 Qd7 34. Kh2 Rbh8 35. Rg1+ Kf8 36. Rff1 Ke7 37. Bg8 Kd8 38. Bxh7 Qxh7 39. Qe3 Ke7 40. Qe4 Rd8 41. Qd5 Qf7 42. Qb7+ Kf8 43. Qe4 d5 44. Qh4 dxc4 45. dxc4 Ke7 46. Qe4 Rd7 47. Kh1 Kd6 48. Rf2 Kc7 49. Rh2 Kb6 50. Qa8 Ra7 51. Qb8+ Qb7+ 52. Qxb7+ Rxb7 53. Rxh3 Nxf5 54. Rf3 Nd4 55. Rxf6+ Ka5 56. Rgg6 Ra7 57. Kg2 e4 58. Kf2 Ra8 59. Ke3 Ra7 60. Kxe4 Ne2 61. Kd5 Nc3+ 62. Kxc5 Nxa2 63. Rf5 Nc3 64. Kd4+ 1-0

[Event "*** SCC Grand Prix: Titled Tuesday Blitz"]
[Site "Chess.com"]
[Date "2020.08.25"]
[Round "7"]
[White "seorobert1971"]
[Black "ExtremeLearner"]
[Result "1-0"]
[WhiteElo "2644"]
[BlackElo "2403"]
[TimeControl "180+1"]
[EndTime "11:21:17 PDT"]
[Termination "seorobert1971 won by checkmate"]

1. c4 Nf6 2. Nc3 c6 3. d4 d5 4. e3 e6 5. Nf3 Nbd7 6. Qc2 Bd6 7.
b3 b6 8. cxd5 exd5 9. Bd3 Bb7 10.
O-O O-O 11. e4 dxe4 12. Nxe4 Nxe4 13. Bxe4 Nf6 14. Bg5 h6 15. Bh4 Rc8 16. Bf5 Rc7 17. Rad1 Be7 18. Rfe1 Nd5 19. Bg3 Bd6 20. Ne5 Re8 21.
Bh7+ Kh8 22. Be4 Bxe5 23. dxe5 Rd7 24. Bf5 Rde7 25. e6 Rxe6 26. Bxe6 Rxe6 27. Rxe6 fxe6 28. Qe2 Qf6 29. Re1 Bc8 30. Be5 Qg6 31. h3 Kg8 32. Rd1 Qf5 33. Rd3 Bd7 34. Rg3 g5 35. Kh2 Be8 36.
h4 Bg6 37. hxg5 hxg5 38. Bb2 Kf7 39. Qe5 Qxe5 40. Bxe5 Bb1 41. Rxg5 Bxa2 42. Rg7+ Kf8 43. Rxa7 Bxb3 44. g4 Bc2 45. f4 b5 46. Kg3 b4 47.
Rb7 c5 48. Bd6+ Ke8 49. Bxc5 b3 50. Bd4 Kd8 51. Be5 Kc8 52. Rb5 Kd7 53. g5 Kc6 54. Rb8 Kc5 55. Kg4 Kc4 56. Kh5 Ne7 57. Kh6 Nf5+ 58. Kh7 Nh4+ 59. Kg7 Bf5 60. Kf6 Ng6 61.
Rc8+ Kb4 62. Rb8+ Ka3 63. Bc3 Nxf4 64. Ra8# 1-0

[Event "*** SCC Grand Prix: Titled Tuesday Blitz"]
[Site "Chess.com"]
[Date "2020.08.25"]
[Round "7"]
[White "Fh2411"]
[Black "TomasKapitanchuk"]
[Result "1/2-1/2"]
[WhiteElo "2535"]
[BlackElo "2399"]
[TimeControl "180+1"]
[EndTime "11:21:17 PDT"]
[Termination "Game drawn by repetition"]

1. d4 Nf6 2. Nf3 e6 3. Bf4 d5 4.
e3 Bd6 5. Bg3 O-O 6. Nbd2 c5 7.
c3 b6 8. Ne5 Bb7 9. f4 Nc6 10.
Bd3 Ne7 11. O-O Nf5 12. Qf3 Be7 13. Bxf5 exf5 14. Bh4 Ne4 15. Bxe7 Qxe7 16. Nxe4 fxe4 17.
Qh3 f6 18. Ng4 Ba6 19. Rfd1 Rfd8 20. Nf2 Rac8 21. Rd2 Bc4 22. g4 g5 23. Qg3 Kh8 24.
h4 Rg8 25. hxg5 fxg5 26. f5 Rge8 27. Kg2 Kg7 28. Qh2 h6 29. Rh1 Rc6 30. b3 Ba6 31.
dxc5 Qxc5 32. Nd1 Bd3 33. Kf2 b5 34. b4 Qe7 35. Qg3 Rec8 36. Rh5 a5 37. a3 axb4 38.
axb4 Ra8 39. Qh2 Ra1 40. Qb8 d4 41. exd4 Rxc3 42. Qe5+ Qxe5 43. dxe5 Rcc1 44. Ne3 Rh1 45. Rxh1 Rxh1 46. Kg2 Re1 47. Nd5 Bc4 48. f6+ Kf7 49. Nc7 Bd3 50. Ra2 e3 51. Kf3 e2 52. Ke3 Rd1 53. Rxe2 Bxe2 54. Kxe2 Rc1 55. Nxb5 Rb1 56. Ke3 Rxb4 57. Nd4 Ra4 58. Ke4 Ra1 59. Nf5 Ra4+ 60.
Kd5 Ra5+ 61. Ke4 Ra4+ 62. Kd5 Ra5+ 63. Kd6 Ra6+ 64. Kd7 Ra7+ 65. Kd6 Ra6+ 66. Kd7 Ra7+ 67. Kd6 Ra4 68. Nxh6+ Kg6 69. Nf5 Kf7 70. Nh6+ Kg6 71. Nf5 Kf7 72. Nh6+ 1/2-1/2

[Event "*** SCC Grand Prix: Titled Tuesday Blitz"]
[Site "Chess.com"]
[Date "2020.08.25"]
[Round "7"]
[White "korbul"]
[Black "Dr_crypt"]
[Result "1/2-1/2"]
[WhiteElo "2542"]
[BlackElo "2391"]
[TimeControl "180+1"]
[EndTime "11:21:24 PDT"]
[Termination "Game drawn by stalemate"]

1. e4 d5 2. exd5 Qxd5 3. Nc3 Qd6 4. g3 c6 5. Bg2 Nf6 6. Nge2 Bg4 7. h3 Bh5 8. g4 Bg6 9. d3 e5 10. Rb1 Nbd7 11.
b4 a6 12. a4 Nd5 13. Nxd5 cxd5 14. Nc3 Nf6 15. g5 Rc8 16. Bd2 d4 17. Ne2 Nd5 18. b5 Be7 19. h4 a5 20. Ng3 h5 21.
Ne4 Bxe4 22. Bxe4 b6 23. O-O g6 24. Qf3 Rd8 25. Rbe1 O-O 26. Bxd5 Qxd5 27. Qxd5 Rxd5 28. f4 Bd6 29. f5 Rc5 30. Rc1 f6 31. fxg6 f5 32.
c4 Kg7 33. Rce1 Kxg6 34. Kg2 Rcc8 35. Re2 Rce8 36. Rfe1 Re6 37. Bc1 Rfe8 38. Bb2 Bc5 39. Kf3 Kg7 40. Bc1 Kg6 41. Bb2 R6e7 42. Ba1 Bb4 43.
Rc1 e4+ 44. Kf2 exd3 45. Rxe7 Rxe7 46. Bxd4 d2 47. Rd1 Re1 48. Rxd2 Bxd2 49. Bxb6 f4 50. c5 Rc1 51. c6 Bb4 52. Kf3 Bd6 53. Bxa5 Ra1 54. b6 Rxa4 55. c7 Rc4 56. b7 Rxc7 57. b8=Q Rc3+ 58. Bxc3 Bxb8 59. Bd2 Bc7 60. Bxf4 Bd8 61.
Ke4 Be7 62. Be5 Bb4 63. Bg3 Ba5 64. Kd5 Bb4 65. Ke6 Bd2 66. Bf4 Bxf4 67. Kd5 Bg3 68.
Ke4 Bxh4 69. Kf3 Kxg5 70. Kg2 Kg4 71. Kh1 Bg3 72. Kg1 Kh3 73. Kh1 h4 74. Kg1 Bf4 75.
Kh1 Kg3 76. Kg1 Be3+ 77. Kh1 Bg1 78. Kxg1 h3 79. Kh1 h2 1/2-1/2